 Dungeon Crawl Stone Soup version 0.31.0 (webtiles) character file.

Game seed: 13392117280181799652

14 qw the Shooter (level 2, 0/17 HPs)
             Began as a Gargoyle Hunter on Jan 19, 2024.
             Slain by a jackal (3 damage)
             ... on level 1 of the Dungeon.
             The game lasted 00:00:00 (240 turns).

qw the Shooter (Gargoyle Hunter)                     Turns: 240, Time: 00:00:01

Health: 0/17       AC:  5    Str: 14    XL:     2   Next: 45%
Magic:  2/2        EV: 11    Int:  9    God:
Gold:   19         SH:  0    Dex: 13    Spells: 1/1 levels left

rFire   . . .        a - +0 shortbow
rCold   . . .        (shield currently unavailable)
rNeg    + . .        c - +0 leather armour
rPois   inf          (no helmet)
rElec   +            (no cloak)
rCorr   .            (no gloves)
SInv    .            (no boots)
Will    .....        (no amulet)
Stlth   +            (no ring)
HPRegen 0.22/turn    (no ring)
MPRegen 0.08/turn

%: no passive effects
@: no status effects
A: sickness immunity, AC +2, negative energy resistance 1, electricity
resistance, torment resistance 1, petrification resistance
a: no special abilities


You were on level 1 of the Dungeon.
You visited 1 branch of the dungeon, and saw 1 of its levels.

You collected 19 gold pieces.


Innate Abilities, Weirdness & Mutations

You are immune to sickness and miasma.
Your stone body is resilient. (AC +2)
You are immune to poison.
You resist negative energy. (rN+)
You are resistant to electric shocks. (rElec)
You are resistant to unholy torment.
You are immune to petrification.


   Skills:
 - Level 2.1 Fighting
 + Level 4.6 Ranged Weapons
 - Level 1.5 Dodging
 - Level 1.1 Stealth


You had one spell level left.
You didn't know any spells.
Your spell library was empty.

Inventory:

Hand Weapons
 a - a +0 shortbow (weapon)
Armour
 c - a +0 leather armour (worn)
 d - a +0 ring mail
Scrolls
 b - a scroll of butterflies
 e - a scroll of enchant weapon {unknown}

Dungeon Overview and Level Annotations

Branches:
Dungeon (1/15)

Altars:


Message History

The jackal bites you. The jackal closely misses you. x3
You shoot an arrow. The arrow closely misses the jackal.
The jackal barely misses you.
The jackal bites you but does no damage.
You shoot an arrow.
The arrow hits the jackal but does no damage.
The jackal bites you but does no damage.
The jackal closely misses you. The jackal bites you. x2
You shoot an arrow. The arrow barely misses the jackal.
The jackal barely misses you.
The jackal bites you but does no damage.
The jackal bites you. The jackal barely misses you.
You shoot an arrow. The arrow barely misses the jackal.
The jackal bites you but does no damage.
The jackal barely misses you.
The jackal bites you but does no damage.
You shoot an arrow. The arrow hits the jackal.
The jackal is almost dead.
The jackal barely misses you.
The jackal bites you but does no damage. x2
The jackal misses you.
You shoot an arrow. The arrow closely misses the jackal.
The jackal barely misses you.
The jackal bites you but does no damage.
The jackal bites you.
You shoot an arrow. The arrow completely misses the jackal.
The jackal barely misses you. The jackal bites you.
The jackal barely misses you. The jackal misses you.
You shoot an arrow. The arrow hits the jackal!
You kill the jackal!
The bat barely misses you.
The jackal bites you but does no damage.
You shoot an arrow. The arrow hits the bat.
You kill the bat!
The jackal bites you but does no damage.
The jackal closely misses you.
You shoot an arrow. The arrow hits the jackal.
The jackal is severely wounded.
The jackal bites you.
You die...

.>...............)..#..
.............[......#.#
####.###............#.#
#...###....>.........#
#..#................##
##....###.....#....###
...................#
......##########.###
......# ####@# ....###
###..hh# ....#
##.....## .#.##
##.......## ...#
#.........# ...#
#.........# ...#
#.....!...# ...#
#.........# #.........#


You could see 2 jackals.

Vanquished Creatures
  4 goblins (D:1)
  2 jackals (D:1)
  A kobold (D:1)
  2 quokkas (D:1)
  2 ball pythons (D:1)
  A bat (D:1)
12 creatures vanquished.

Notes
Turn   | Place    | Note
-------+----------+-------------------------------------------
     0 | D:1      | qw the Gargoyle Hunter began the quest for the Orb.
     0 | D:1      | Reached XP level 1. HP: 12/12 MP: 1/1
     0 | D:1      | 0 ||| qw: Version: 0.3-a-132-g3d54051
     0 | D:1      | 0 ||| qw: Game counter: 396
     0 | D:1      | 0 ||| qw: Melee chars always use a shield: true
     0 | D:1      | 0 ||| qw: God list: Okawaru
     0 | D:1      | 0 ||| qw: Allow faded altars: false
     0 | D:1      | 0 ||| qw: Do Orc after clearing Dungeon:15 true
     0 | D:1      | 0 ||| qw: Do second Lair branch before Depths: true
     0 | D:1      | 0 ||| qw: Lair rune preference: random
     0 | D:1      | 0 ||| qw: Goals: Normal
     0 | D:1      | 0 ||| PLANNING D:1-11
   100 | D:1      | Reached XP level 2. HP: 17/17 MP: 2/2
   216 | D:1      | 216 ||| RETREEEEATING.
   217 | D:1      | 217 ||| RETREEEEATING.
   218 | D:1      | 218 ||| RETREEEEATING.
   219 | D:1      | 219 ||| RETREEEEATING.
   236 | D:1      | HP: 3/17 [jackal (3)]
   240 | D:1      | Slain by a jackal

Levels and vault maps discovered:
D:1:      dpeg_arrival_lava_altar, layout_rooms, chequers_jeans

Action                     || total
---------------------------++-------
   Fire: Shortbow          ||    46
 Armour: Leather armour    ||    35
  Dodge: Dodged            ||    39

Table legend:
 A = Non-vault XP
 B = Vault XP
 C = Vault XP percentage of total XP
 D = Non-vault monster count
 E = Vault monster count
 F = Vault count percentage of total count
                 A         B        C        D         E       F
            +---------+---------+-------+---------+---------+-------
      Total |      21 |       0 |   0.0 |      12 |       0 |   0.0
            +---------+---------+-------+---------+---------+-------
        D:1 |      21 |       0 |   0.0 |      12 |       0 |   0.0
            +---------+---------+-------+---------+---------+-------
